TOP OF THE 1ST |
Athletic Club KC Reserves batting - Pitching for Jersey City Tritons : LHP Chris Sommer
|
Pitching: LHP Chris Sommer
|
|
Batting: RHB Filip Huigen
|
0-0: Swinging Strike 0-1: Ball 1-1: Fly out, F6 (Line Drive, 6M)
|
Batting: RHB Chris Teague
|
0-0: Called Strike 0-1: Ball 1-1: Ball 2-1: Ball 3-1: SINGLE (Flyball, 7LM)
|
Batting: RHB Richard Younger
|
0-0: Ball 1-0: Ball Chris Teague is caught stealing 2nd base 2-0: Ball 3-0: Called Strike 3-1: Foul Ball, location: 2F 3-2: Fly out, F9 (Flyball, 9S)
|
Top of the 1st over - 0 run(s), 1 hit(s), 0 error(s), 0 left on base; Athletic Club KC 0 - Jersey City 0 |
BOTTOM OF THE 1ST |
Jersey City Tritons batting - Pitching for Athletic Club KC Reserves : LHP Arnaldo Bodabalho
|
Pitching: LHP Arnaldo Bodabalho
|
|
Batting: RHB Vincent Vega
|
0-0: Ball 1-0: Ball 2-0: Ball 3-0: Called Strike 3-1: SINGLE (Line Drive, 78S)
|
Batting: RHB Jorge Rodríguez
|
0-0: Ball 1-0: Ball 2-0: Foul Ball, location: 2F 2-1: Foul Ball, location: 2F 2-2: Ball 3-2: SINGLE (Groundball, 56D) Vincent Vega to second
|
Batting: SHB Ludovic Michel
|
0-0: Called Strike 0-1: Swinging Strike 0-2: Ball 1-2: Foul Ball, location: 2F 1-2: Fly out, F4 (Flyball, 4D)
|
Batting: RHB Ju-chan Pak
|
0-0: Ball 1-0: Foul Ball, location: 2F 1-1: Ball Vincent Vega steals 3rd base Jorge Rodríguez to second 2-1: Ball 3-1: Called Strike 3-2: Fly out, F7 (Flyball, 7) Runner from 3rd tags up, SCORES, no throw
|
Batting: RHB Mike Greene
|
0-0: Fly out, F7 (Line Drive, 7D)
|
Bottom of the 1st over - 1 run(s), 2 hit(s), 0 error(s), 1 left on base; Athletic Club KC 0 - Jersey City 1 |
TOP OF THE 2ND |
Athletic Club KC Reserves batting - Pitching for Jersey City Tritons : LHP Chris Sommer
|
Batting: LHB Chris Hill
|
0-0: Swinging Strike 0-1: Ball 1-1: Fly out, F2 (Popup, 34S)
|
Batting: RHB Iván Chacón
|
0-0: Ball 1-0: Called Strike 1-1: Swinging Strike 1-2: Strikes out swinging
|
Batting: LHB Ben Fleming
|
0-0: Ball 1-0: Fly out, F7 (Flyball, 7)
|
Top of the 2nd over - 0 run(s), 0 hit(s), 0 error(s), 0 left on base; Athletic Club KC 0 - Jersey City 1 |
BOTTOM OF THE 2ND |
Jersey City Tritons batting - Pitching for Athletic Club KC Reserves : LHP Arnaldo Bodabalho
|
Batting: RHB Rudko Hrnjak
|
0-0: Called Strike 0-1: Ball 1-1: Ball 2-1: Foul Ball, location: 2F 2-2: Ball 3-2: Base on Balls
|
Batting: RHB Salvador Pineda
|
0-0: Ball 1-0: Called Strike 1-1: Ball 2-1: Ball 3-1: Foul Ball, location: 2F 3-2: Strikes out swinging Rudko Hrnjak is caught stealing 2nd base Batter strikes out.
|
Batting: RHB Miguel Cruz
|
0-0: Ground out 5-3 (Groundball, 56)
|
Bottom of the 2nd over - 0 run(s), 0 hit(s), 0 error(s), 0 left on base; Athletic Club KC 0 - Jersey City 1 |
TOP OF THE 3RD |
Athletic Club KC Reserves batting - Pitching for Jersey City Tritons : LHP Chris Sommer
|
Batting: RHB Geoff Rivers
|
0-0: Called Strike 0-1: Foul Ball, location: 2F 0-2: Strikes out swinging
|
Batting: LHB Enrique Miranda
|
0-0: Called Strike 0-1: Ball 1-1: Ball 2-1: Foul Ball, location: 2F 2-2: Ball 3-2: Base on Balls
|
Batting: RHB Pedro Solís
|
0-0: Called Strike 0-1: Foul Ball, location: 2F 0-2: Ball 1-2: Foul Ball, location: 2F 1-2: Strikes out looking
|
Batting: RHB Filip Huigen
|
0-0: Ball 1-0: Ball 2-0: Fly out, F9 (Line Drive, 89S)
|
Top of the 3rd over - 0 run(s), 0 hit(s), 0 error(s), 1 left on base; Athletic Club KC 0 - Jersey City 1 |
BOTTOM OF THE 3RD |
Jersey City Tritons batting - Pitching for Athletic Club KC Reserves : LHP Arnaldo Bodabalho
|
Batting: RHB Gabriel Guerrero
|
0-0: Called Strike 0-1: Ball 1-1: Ball 2-1: Ball 3-1: Foul Ball, location: 2F 3-2: Base on Balls
|
Batting: RHB Vincent Vega
|
0-0: Swinging Strike 0-1: Ball 1-1: Ball 2-1: Foul Ball, location: 2F 2-2: Foul Ball, location: 2F 2-2: Fly out, F8 (Line Drive, 8RS)
|
Batting: RHB Jorge Rodríguez
|
0-0: Called Strike 0-1: Ball 1-1: Ground out 5-3 (Groundball, 5S) Gabriel Guerrero to second
|
Batting: SHB Ludovic Michel
|
0-0: Ball 1-0: Called Strike 1-1: Ball 2-1: Ball 3-1: Swinging Strike 3-2: SINGLE (Line Drive, 4MD) Gabriel Guerrero to third Gabriel Guerrero scores
|
Batting: RHB Ju-chan Pak
|
0-0: DOUBLE (Line Drive, 7LS) Ludovic Michel to third Runner from 3rd tries for Home, SAFE, throw made home
|
Batting: RHB Mike Greene
|
0-0: Called Strike 0-1: Swinging Strike 0-2: Fly out, F4 (Line Drive, 4)
|
Bottom of the 3rd over - 2 run(s), 2 hit(s), 0 error(s), 1 left on base; Athletic Club KC 0 - Jersey City 3 |
TOP OF THE 4TH |
Athletic Club KC Reserves batting - Pitching for Jersey City Tritons : LHP Chris Sommer
|
Batting: RHB Chris Teague
|
0-0: Called Strike 0-1: Called Strike 0-2: Ball 1-2: Ball 2-2: Foul Ball, location: 2F 2-2: Strikes out swinging
|
Batting: RHB Richard Younger
|
0-0: Called Strike 0-1: Foul Ball, location: 2F 0-2: Ball 1-2: Foul Ball, location: 2F 1-2: Ball 2-2: Strikes out swinging
|
Batting: LHB Chris Hill
|
0-0: Ball 1-0: Foul Ball, location: 2F 1-1: Ball 2-1: Ground out 5-3 (Groundball, 56)
|
Top of the 4th over - 0 run(s), 0 hit(s), 0 error(s), 0 left on base; Athletic Club KC 0 - Jersey City 3 |
BOTTOM OF THE 4TH |
Jersey City Tritons batting - Pitching for Athletic Club KC Reserves : LHP Arnaldo Bodabalho
|
Batting: RHB Rudko Hrnjak
|
0-0: Ball 1-0: Ground out 5-3 (Groundball, 56)
|
Batting: RHB Salvador Pineda
|
0-0: Ball 1-0: Ball 2-0: Ball 3-0: Base on Balls
|
Batting: RHB Miguel Cruz
|
0-0: Ball 1-0: DOUBLE (Line Drive, 7LS) Salvador Pineda to third Runner from 3rd tries for Home, SAFE, no throw
|
Batting: RHB Gabriel Guerrero
|
0-0: Called Strike 0-1: Foul Ball, location: 2F 0-2: Strikes out swinging
|
Batting: RHB Vincent Vega
|
0-0: Called Strike 0-1: Swinging Strike 0-2: Foul Ball, location: 2F 0-2: Foul Ball, location: 2F 0-2: Strikes out looking
|
Bottom of the 4th over - 1 run(s), 1 hit(s), 0 error(s), 1 left on base; Athletic Club KC 0 - Jersey City 4 |
TOP OF THE 5TH |
Athletic Club KC Reserves batting - Pitching for Jersey City Tritons : LHP Chris Sommer
|
Batting: RHB Iván Chacón
|
0-0: Foul Ball, location: 2F 0-1: Foul Ball, location: 2F 0-2: Ball 1-2: Ground out 6-3 (Groundball, 6)
|
Batting: LHB Ben Fleming
|
0-0: Fly out, F7 (Flyball, 7S)
|
Batting: RHB Geoff Rivers
|
0-0: Ball 1-0: Ground out 5-3 (Groundball, 56)
|
Top of the 5th over - 0 run(s), 0 hit(s), 0 error(s), 0 left on base; Athletic Club KC 0 - Jersey City 4 |
BOTTOM OF THE 5TH |
Jersey City Tritons batting - Pitching for Athletic Club KC Reserves : LHP Arnaldo Bodabalho
|
Batting: RHB Jorge Rodríguez
|
0-0: Ball 1-0: Fly out, F7 (Flyball, 7)
|
Batting: SHB Ludovic Michel
|
0-0: Ball 1-0: Ball 2-0: Foul Ball, location: 2F 2-1: Foul Ball, location: 2F 2-2: Foul Ball, location: 2F 2-2: Ball 3-2: SINGLE (Groundball, 4MD)
|
Batting: RHB Ju-chan Pak
|
0-0: Fly out, F7 (Flyball, 7S)
|
Batting: RHB Mike Greene
|
0-0: Ball 1-0: Ball 2-0: Called Strike 2-1: Swinging Strike 2-2: Strikes out swinging
|
Bottom of the 5th over - 0 run(s), 1 hit(s), 0 error(s), 1 left on base; Athletic Club KC 0 - Jersey City 4 |
TOP OF THE 6TH |
Athletic Club KC Reserves batting - Pitching for Jersey City Tritons : LHP Chris Sommer
|
Batting: LHB Enrique Miranda
|
0-0: Foul Ball, location: 2F 0-1: Foul Ball, location: 2F 0-2: Ball 1-2: Ball 2-2: Foul Ball, location: 2F 2-2: Strikes out swinging
|
Batting: RHB Pedro Solís
|
0-0: Ball 1-0: Called Strike 1-1: Ball 2-1: Ball 3-1: Ground out 1-3 (Groundball, 15S)
|
Batting: RHB Filip Huigen
|
0-0: Ball 1-0: Ball 2-0: Called Strike 2-1: Foul Ball, location: 2F 2-2: Ball 3-2: Foul Ball, location: 2F 3-2: Base on Balls
|
Batting: RHB Chris Teague
|
0-0: Foul Ball, location: 2F 0-1: Ball 1-1: Ball 2-1: Foul Ball, location: 2F 2-2: Foul Ball, location: 2F 2-2: Fly out, F2 (Popup, 23)
|
Top of the 6th over - 0 run(s), 0 hit(s), 0 error(s), 1 left on base; Athletic Club KC 0 - Jersey City 4 |
BOTTOM OF THE 6TH |
Jersey City Tritons batting - Pitching for Athletic Club KC Reserves : LHP Arnaldo Bodabalho
|
Batting: RHB Rudko Hrnjak
|
0-0: Ball 1-0: Ball 2-0: Ground out 1-3 (Groundball, P)
|
Batting: RHB Salvador Pineda
|
0-0: Fly out, F7 (Flyball, 7S)
|
Batting: RHB Miguel Cruz
|
0-0: Ball 1-0: Ball 2-0: Called Strike 2-1: Ball 3-1: Ground out 4-3 (Groundball, 4S)
|
Bottom of the 6th over - 0 run(s), 0 hit(s), 0 error(s), 0 left on base; Athletic Club KC 0 - Jersey City 4 |
TOP OF THE 7TH |
Athletic Club KC Reserves batting - Pitching for Jersey City Tritons : LHP Chris Sommer
|
Batting: RHB Richard Younger
|
0-0: Called Strike 0-1: Foul Ball, location: 2F 0-2: Ball 1-2: Ball 2-2: Foul Ball, location: 2F 2-2: Ball 3-2: Foul Ball, location: 2F 3-2: Foul Ball, location: 2F 3-2: Foul Ball, location: 2F 3-2: Foul Ball, location: 2F 3-2: Foul Ball, location: 2F 3-2: Fly out, F8 (Flyball, 8LD)
|
Batting: LHB Chris Hill
|
0-0: Ball 1-0: Called Strike 1-1: Called Strike 1-2: Ball 2-2: Fly out, F9 (Flyball, 9)
|
Batting: RHB Iván Chacón
|
0-0: Ball 1-0: Foul Ball, location: 2F 1-1: Ball 2-1: Ball 3-1: Foul Ball, location: 2F 3-2: Base on Balls
|
Pitching: RHP Oliver Huerta
|
|
Batting: LHB Ben Fleming
|
0-0: Swinging Strike 0-1: Fielders Choice at 2nd, 4-6 (Groundball, 4)
|
Top of the 7th over - 0 run(s), 0 hit(s), 0 error(s), 0 left on base; Athletic Club KC 0 - Jersey City 4 |
BOTTOM OF THE 7TH |
Jersey City Tritons batting - Pitching for Athletic Club KC Reserves : LHP Arnaldo Bodabalho
|
Batting: RHB Gabriel Guerrero
|
0-0: Ball 1-0: Ball 2-0: Ball 3-0: Called Strike 3-1: Base on Balls
|
Pitching: LHP Jesús Márquez
|
|
Batting: RHB Vincent Vega
|
0-0: Sac Bunt - play at first, batter OUT! 5-3 Gabriel Guerrero to second
|
Batting: RHB Jorge Rodríguez
|
0-0: Intentional Walk
|
Batting: SHB Ludovic Michel
|
0-0: Swinging Strike 0-1: Foul Ball, location: 2F 0-2: Ball 1-2: Foul Ball, location: 2F 1-2: Ball 2-2: Ball 3-2: Base on Balls Gabriel Guerrero to third Jorge Rodríguez to second
|
Batting: RHB Ju-chan Pak
|
0-0: Ball 1-0: Ball 2-0: Ball 3-0: Called Strike 3-1: Called Strike 3-2: Base on Balls Gabriel Guerrero scores Jorge Rodríguez to third Ludovic Michel to second
|
Batting: RHB Mike Greene
|
0-0: Ball 1-0: Called Strike 1-1: Fly out, F9 (Flyball, 9LS)
|
Batting: RHB Rudko Hrnjak
|
0-0: Ball 1-0: Ball 2-0: Ball 3-0: Called Strike 3-1: Fielders Choice at 2nd, 6-4 (Groundball, 6)
|
Bottom of the 7th over - 1 run(s), 0 hit(s), 0 error(s), 2 left on base; Athletic Club KC 0 - Jersey City 5 |
TOP OF THE 8TH |
Athletic Club KC Reserves batting - Pitching for Jersey City Tritons : RHP Oliver Huerta
|
Now in RF: Eduardo Torres
|
|
Batting: RHB Geoff Rivers
|
0-0: Ball 1-0: Ball 2-0: Foul Ball, location: 2F 2-1: Foul Ball, location: 2F 2-2: Fly out, F7 (Flyball, 78S)
|
Batting: LHB Enrique Miranda
|
0-0: Foul Ball, location: 2F 0-1: Called Strike 0-2: TRIPLE (Groundball, 3L)
|
Batting: RHB Pedro Solís
|
0-0: Ball 1-0: Called Strike 1-1: Called Strike 1-2: Ball 2-2: Foul Ball, location: 2F 2-2: Strikes out swinging
|
Batting: RHB Filip Huigen
|
0-0: Foul Ball, location: 2F 0-1: Ball 1-1: Ball 2-1: Foul Ball, location: 2F 2-2: Fly out, F8 (Flyball, 8LS)
|
Top of the 8th over - 0 run(s), 1 hit(s), 0 error(s), 1 left on base; Athletic Club KC 0 - Jersey City 5 |
BOTTOM OF THE 8TH |
Jersey City Tritons batting - Pitching for Athletic Club KC Reserves : LHP Jesús Márquez
|
Batting: RHB Salvador Pineda
|
0-0: Ball 1-0: Called Strike 1-1: Ball 2-1: Foul Ball, location: 2F 2-2: SOLO HOME RUN (Flyball, 7LD), Distance : 338 ft
|
Batting: RHB Miguel Cruz
|
0-0: Called Strike 0-1: Ball 1-1: Ball 2-1: Foul Ball, location: 2F 2-2: Ground out 6-3 (Groundball, 56)
|
Batting: RHB Gabriel Guerrero
|
0-0: Foul Ball, location: 2F 0-1: Ball 1-1: Ball 2-1: Foul Ball, location: 2F 2-2: Ground out 1-3 (Groundball, P)
|
Batting: RHB Vincent Vega
|
0-0: Ground out 4-3 (Groundball, 4)
|
Bottom of the 8th over - 1 run(s), 1 hit(s), 0 error(s), 0 left on base; Athletic Club KC 0 - Jersey City 6 |
TOP OF THE 9TH |
Athletic Club KC Reserves batting - Pitching for Jersey City Tritons : RHP Oliver Huerta
|
Now in LF: Wayne Akers
|
|
Batting: RHB Chris Teague
|
0-0: Ball 1-0: Called Strike 1-1: Foul Ball, location: 2F 1-2: Foul Ball, location: 2F 1-2: Foul Ball, location: 2F 1-2: SINGLE (Line Drive, 4D)
|
Batting: RHB Richard Younger
|
0-0: Called Strike 0-1: Fly out, F7 (Line Drive, 7D)
|
Batting: LHB Chris Hill
|
0-0: Grounds into double play, 4-6-3 (Groundball, 4)
|
Top of the 9th over - 0 run(s), 1 hit(s), 0 error(s), 0 left on base; Athletic Club KC 0 - Jersey City 6 |
|